 Dungeon Crawl Stone Soup version 0.24.0-13-gcf9b3192b9 (webtiles) character file.

Game seed: 2719520883817184233, levelgen mode: deterministic

68 Acheron the Grasshopper (level 4, 0/30 HPs)
             Began as an Octopode Warper on Nov 10, 2019.
             Slain by Grinder (5 damage)
             ... on level 3 of the Dungeon.
             The game lasted 00:05:17 (1421 turns).

Acheron the Grasshopper (Octopode Warper)           Turns: 1421, Time: 00:05:18

Health: 0/30       AC:  1    Str: 11    XL:     4   Next: 19%
Magic:  7/7        EV: 14    Int: 15    God:
Gold:   39         SH:  0    Dex: 11    Spells: 7/7 levels left

rFire    . . .     SeeInvis .   a - +0 hand axe
rCold    . . .     Gourm    .   (no shield)
rNeg     . . .     Faith    .   (helmet restricted)
rPois    .         Spirit   .   (no amulet)
rElec    .         Reflect  .   (no ring)
rCorr    .         Harm     .   (no ring)
MR       .....                  (no ring)
Stlth    +++.......             (no ring)
HPRegen  0.10/turn              (no ring)
MPRegen  0.10/turn              (no ring)
                                (no ring)
                                (no ring)

@: no status effects
A: almost no armour, stealthy swim, amphibious, 8 rings, constrict 8, camouflage
1, gelatinous body 1
a: no special abilities


You were on level 3 of the Dungeon.
You were not hungry.

You visited 1 branch of the dungeon, and saw 3 of its levels.

You collected 39 gold pieces.

Inventory:

Hand Weapons
 a - a +0 hand axe (weapon)
 j - a +0 mace of crushing
 k - a +0 dagger
Missiles
 d - 5 boomerangs of dispersal (quivered)
 e - 29 stones
Scrolls
 c - a scroll of blinking
 i - a scroll of enchant armour {unknown}
 l - a scroll of noise {unknown}
 m - a scroll of remove curse {unknown}
 n - a scroll of fear {unknown}
Potions
 b - 3 potions of degeneration {unknown}
 g - 2 potions of curing {unknown}
Comestibles
 f - 4 rations
 h - 5 chunks of flesh


   Skills:
 + Level 2.3 Fighting
 + Level 2.4 Axes
 * Level 1.9 Throwing
 + Level 2.8 Dodging
 * Level 2.4 Stealth
 + Level 2.2 Spellcasting
   Level 3.0 Translocations


You had 7 spell levels left.
You didn't know any spells.
Your spell library contained the following spells:

 Spells                   Type           Power        Failure   Level  Hunger
 Blink                    Tloc           N/A          10%         2    ###....
 Shroud of Golubria       Chrm/Tloc      #.....       19%         2    ###....
 Gell's Gravitas          Tloc           ##........   19%         3    ###....
 Lesser Beckoning         Tloc           ##........   19%         3    ###....
 Teleport Other           Tloc           ##......     19%         3    ###....
 Passage of Golubria      Tloc           N/A          54%         4    #####..


Dungeon Overview and Level Annotations

Branches:
Dungeon (3/15)

Altars:

Annotations:
D:3 Grinder


Innate Abilities, Weirdness & Mutations

You cannot wear most types of armour.
You are very stealthy in the water. (Stealth+)
You are amphibious.
You can wear up to eight rings at the same time.
You can use your tentacles to constrict eight enemies at once.
Your skin changes colour to match your surroundings (Stealth+).
Your rubbery body absorbs attacks. (AC +1, EV +1)


Message History

Eating one of 6 chunks of flesh.
You eat one of the 6 chunks of flesh.
This raw flesh tastes terrible.
HP restored.
Things that are here:
a +0 club; a hobgoblin skeleton; an adder skeleton Grinder comes into view.
Grinder shouts!
Grinder hits you.
You writhe in agony.
You hit Grinder. You grab Grinder.
Grinder is lightly wounded.
You constrict Grinder.
Grinder blinks free!
Grinder gestures at you. Pain shoots through your body! Grinder hits you!
You writhe in agony.
You closely miss Grinder. Your grab misses Grinder.
Grinder is lightly wounded.
Grinder hits you!
* * * LOW HITPOINT WARNING * * *
You writhe in agony.
You die...

.... ## #..# ..
...#### ..
#.....####+### #.
#............#
#.##=...........#
#..#............#
#.#............#
#...@5...).....#
###......####.######
#......### #......#
#...>..# #######÷#
#....#)# #)....÷.#
#....#.# #.#####.#
#....#.#####.#####.###
#....#................
############.#####.###


You could see Grinder.

Vanquished Creatures
  Jessica (D:2)
  An adder (D:3)
  A worm (D:3)
  A dart slug (D:1)
  2 leopard geckos (D:1)
  A ball python (D:3)
  2 goblins
  6 hobgoblins
  3 jackals (D:3)
  2 kobolds (D:1)
  A bat (D:1)
  2 frilled lizards (D:1)
  3 rats (D:1)
26 creatures vanquished.

Vanquished Creatures (others)
  14 toadstools (D:2)
14 creatures vanquished.

Grand Total: 40 creatures vanquished

Notes
Turn   | Place    | Note
-------+----------+-------------------------------------------
     0 | D:1      | Acheron the Octopode Warper began the quest for the Orb.
     0 | D:1      | Reached XP level 1. HP: 14/14 MP: 3/3
   385 | D:1      | Reached XP level 2. HP: 18/19 MP: 5/5
   712 | D:2      | Noticed Jessica
   717 | D:2      | Killed Jessica
   717 | D:2      | Reached skill level 1 in Stealth
   717 | D:2      | Reached XP level 3. HP: 24/24 MP: 6/6
  1237 | D:3      | Reached XP level 4. HP: 20/30 MP: 7/7
  1411 | D:3      | Noticed Grinder
  1421 | D:3      | Slain by Grinder

Levels and vault maps discovered:
D:1:      dpeg_arrival_pond, layout_loops_corners,
          chequers_serial_rivers_micro_d
D:2:      cheibrodos_fertilizer, layout_loops_corners,
          grunt_temple_overflow_order_and_chaos_2, lemuel_crystal_altar,
          yredelemnul_altar_generic, uniq_jessica
D:3:      layout_basic, lemuel_coloured_pillars_altar,
          gammafunk_temple_overflow_arena, grunt_temple_overflow_open,
          uniq_grinder

Skill      XL: |  1  2  3 |
---------------+----------+-----
Stealth        | 1 2 |  2.4
Fighting       | |  2.3
Axes           | |  2.4
Throwing       | |  1.9
Dodging        | |  2.8
Spellcasting   | |  2.2
Translocations | |  3.0

Action                   |  1- 3 |  4- 6 || total
-------------------------+-------+-------++-------
Melee: Hand axe          |    56 |     9 ||    65
       Constrict         |    16 |     3 ||    19
       Tentacles         |     9 |       ||     9
 Stab: Sleeping          |     7 |       ||     7
       Distracted        |     1 |       ||     1
  Eat: Chunk             |     1 |     1 ||     2
Armor: Skin              |     5 |     1 ||     6
Dodge: Dodged            |    38 |     2 ||    40
